Pick #1

Connor Bedard
Pick #2

Leo Carlsson
Pick #3

Adam Fantilli
Pick #4

Matvei Michkov
Pick #5

David Reinbacher
Pick #6

William Smith
Pick #7

Zachary Benson
Pick #8

Ryan Leonard
Pick #9

Gabriel Perreault
Pick #10

Axel Sandin-Pellika
Pick #11

Daniil But
Pick #12

Dalibor Dvorsky
Pick #13

Quentin Musty
Pick #14

Brayden Yager
Pick #15

Dmitry Simashev
Pick #16

Colby Barlow
Pick #17

Andrew Cristall
Pick #18

Easton Cowan
Pick #19

Jacob Fowler
Pick #20

Oliver Moore
Pick #21

Oliver Bonk
Pick #22

Tom Willander
Pick #23

Calum Ritchie
Pick #24

Tanner Molendyk
Pick #25

Gavin Brindley
Pick #26

Nate Danielson
Pick #27

Pick #28

Pick #29

Pick #30

Pick #31

Pick #32

Pick #33

Pick #34

Pick #35

Pick #36

Pick #37

Pick #38

Pick #39

Pick #40

Pick #41

Pick #42

Pick #43

Pick #44

Pick #45

Pick #46

Pick #47

Pick #48

Pick #49

Pick #50

Pick #51

Pick #52

Pick #53

Pick #54

Pick #55

Pick #56

Pick #57

Pick #58

Pick #59

Pick #60

Pick #61

Pick #62

Pick #63

Pick #64

Pick #65

Pick #66

Pick #67

Pick #68

Pick #69

Pick #70

Pick #71

Pick #72

Pick #73

Pick #74

Pick #75

Pick #76

Pick #77

Pick #78

Pick #79

Pick #80

Pick #81

Pick #82

Pick #83

Pick #84

Pick #85

Pick #86

Pick #87

Pick #88

Pick #89

Pick #90

Pick #91

Pick #92

Pick #93

Pick #94

Pick #95

Pick #96

Pick #97

Pick #98

Pick #99

Pick #100

Pick #101

Pick #102

Pick #103

Pick #104

Pick #105

Pick #106

Pick #107

Pick #108

Pick #109

Pick #110

Pick #111

Pick #112

Pick #113

Pick #114

Pick #115

Pick #116

Pick #117

Pick #118

Pick #119

Pick #120

Pick #121

Pick #122

Pick #123

Pick #124

Pick #125

Pick #126

Pick #127

Pick #128

Pick #129

Pick #130

Full Scoreboard »»

Sabres vs Predators

Created - February 24, 2024 at 10:01

Goals
1 2 3 T
Sabres 0 0 0 0
Predators 0 3 1 4
Shots
1 2 3 T
Sabres 9 9 8 26
Predators 11 14 9 34

GoalsPenalties
1st period
No Goal
Nikita Zadorov (NSH) for Hooking (Minor) at 10:45
Darnell Nurse (NSH) for Holding (Minor) at 19:51
2nd period
1. Predators , Alex Tuch 25 (Roman Josi 38, Tage Thompson 19) at 7:40
2. Predators , Roman Josi 11 (Thomas Chabot 37, Kyle Connor 26) at 16:03 (PP)
3. Predators , Jack McBain 1 (Jake McCabe 4, Nikita Zadorov 12) at 16:17
Brandon Carlo (NSH) for Tripping (Minor) at 11:36
Victor Soderstrom (BUF) for Holding (Minor) at 14:31
3rd period
4. Predators , Bo Horvat 24 (Roman Josi 39, Thomas Chabot 38) at 5:53 (PP)
Zach Sanford (BUF) for Cross-checking (Minor) at 5:41
Nikita Zadorov (NSH) for Slashing (Minor) at 11:20
Goalie Stats
Devon Levi (BUF), 30 saves from 34 shots - (0.882), L, 0-2-0, 60:00 minutes
Ilya Sorokin (NSH), 26 saves from 26 shots - (1.000), W, 36-12-3, 60:00 minutes
3 StarsOfficial
1 - Ilya Sorokin (NSH)
2 - Roman Josi (NSH)
3 - Jack McBain (NSH)
Referees : Mike Sheehan and Justin Kea
Linesman : Jake Davis and Robb Harrell
Game Note
No Game Note
Finance
Level 1 -- Attendance: 6500 (100.00%) -- Ticket Income $715,000
Level 2 -- Attendance: 5000 (100.00%) -- Ticket Income $450,000
Level 3 -- Attendance: 2368 (67.66%) -- Ticket Income $177,600
Level 4 -- Attendance: 1113 (100.00%) -- Ticket Income $77,910
Luxury Box -- Attendance: 955 (95.50%) -- Ticket Income $214,875
Game was played at the Bridgestone Arena.
Total Attendance: 15936 (93.12%)
Total Ticket Income: $1,635,385
Other Income: $408,846
Total Income: $2,044,231



Team Name Goals Shots Shots Attemp Shots Blocked PIM HIT PP PK FO%
Sabres 0265124260 / 4 (0%)242%
Predators 4346288232 / 2 (100%)058%

Sabres
Player Name POS G A P +/- PIM HIT SHT SB MP PP MP PP SHT PK MP PK SHT FO% FOT
Arber XhekajD0000023022:283:3510:0000% 0
Blake ColemanC0000032018:553:3200:00033% 24
Brenden DillonD0000031023:223:3510:5400% 0
Brett HowdenC000000005:230:0000:24050% 4
Colton WhiteD0000020016:440:0001:0600% 0
Corey PerryRW000001004:590:0000:0000% 0
Jake NeighboursLW0000001018:553:3200:0000% 0
Jansen HarkinsC0000002016:230:0001:20042% 24
Jesper FastRW0000003015:550:0000:3200% 2
Jonathan DrouinLW000-2033019:194:2400:0000% 1
Juraj SlafkovskyLW0000012018:353:3220:0000% 0
Kaedan KorczakD000-2022120:484:2120:3800% 0
Mason AppletonC000000004:590:0000:0000% 0
Mason McTavishC000-2002019:194:2400:0000% 0
Nicklas BackstromC000-2001019:194:2400:00056% 27
Philippe MyersD000-2051020:484:2110:3800% 0
Victor SoderstromD0000232115:490:0000:1200% 0
Zach SanfordLW0000211016:140:0001:1200% 1
Predators
Player Name POS G A P +/- PIM HIT SHT SB MP PP MP PP SHT PK MP PK SHT FO% FOT
Alex TuchRW1011003016:400:4600:0000% 0
Bo HorvatC1010014114:000:5810:00076% 17
Brandon CarloD0001241121:590:4603:1800% 0
Cal ClutterbuckRW000100206:360:0000:0000% 0
Colton SissonsC0001010011:370:0005:01059% 17
Darnell NurseD0000241223:210:4603:3000% 0
Gabriel VilardiRW0000010014:480:0000:00025% 4
J.T. CompherLW0000005018:080:0005:0600% 1
J.T. MillerC0000022018:290:4602:55057% 14
Jack McBainC101101109:240:0002:4800% 1
Jake McCabeD0111020318:030:0004:4500% 0
Kyle ConnorLW0110002015:480:5800:02033% 3
Lucas RaymondLW0001042016:520:5800:0000% 0
Nikita ZadorovD0111420015:190:0002:0300% 0
Roman JosiD1231002021:100:5822:1600% 0
Tage ThompsonC0111004015:540:0000:00058% 24
Taylor HallLW0000004013:480:4600:00050% 2
Thomas ChabotD0220011120:040:5800:0000% 0



Play-by-Play

1st period


0:01 of 1st period - Nicklas Backstrom wins face-off versus Tage Thompson in neutral zone.
0:24 of 1st period - Shot by Jonathan Drouin.
0:24 of 1st period - Stopped by Ilya Sorokin without a rebound.
0:25 of 1st period - J.T. Miller wins face-off versus Blake Coleman in Predators zone.
0:41 of 1st period - Shot by Kyle Connor.
0:41 of 1st period - Stopped by Devon Levi without a rebound.
0:42 of 1st period - Bo Horvat wins face-off versus Jansen Harkins in Sabres zone.
2:24 of 1st period - Thomas Chabot is hit by Blake Coleman and loses puck.
2:47 of 1st period - Shot by J.T. Miller.
2:47 of 1st period - Shot Misses the Net.
3:05 of 1st period - Shot by J.T. Miller.
3:05 of 1st period - Shot Misses the Net.
3:07 of 1st period - Shot by Gabriel Vilardi.
3:07 of 1st period - Shot Hit the Post.
3:09 of 1st period - Shot by Roman Josi.
3:09 of 1st period - Shot Blocked by Kaedan Korczak.
5:02 of 1st period - Shot by J.T. Compher.
5:02 of 1st period - Stopped by Devon Levi with a rebound.
5:35 of 1st period - Icing by Bo Horvat.
5:36 of 1st period - Jansen Harkins wins face-off versus Bo Horvat in Predators zone.
6:07 of 1st period - Shot by Jansen Harkins.
6:07 of 1st period - Stopped by Ilya Sorokin without a rebound.
6:08 of 1st period - Nicklas Backstrom wins face-off versus J.T. Miller in Predators zone.
6:47 of 1st period - Shot by Nicklas Backstrom.
6:47 of 1st period - Deflect By Jonathan Drouin.
6:47 of 1st period - Stopped by Ilya Sorokin without a rebound.
6:48 of 1st period - Tage Thompson wins face-off versus Blake Coleman in Predators zone.
6:57 of 1st period - Shot by Tage Thompson.
6:57 of 1st period - Stopped by Devon Levi with a rebound.
7:13 of 1st period - Shot by Jesper Fast.
7:13 of 1st period - Stopped by Ilya Sorokin without a rebound.
7:14 of 1st period - Colton Sissons wins face-off versus Jansen Harkins in Predators zone.
7:14 of 1st period - Colton Sissons is hit by Zach Sanford.
7:43 of 1st period - Cal Clutterbuck is hit by Victor Soderstrom and loses puck.
8:22 of 1st period - Shot by Tage Thompson.
8:22 of 1st period - Shot Misses the Net.
8:30 of 1st period - Shot by Tage Thompson.
8:30 of 1st period - Stopped by Devon Levi without a rebound.
8:31 of 1st period - J.T. Miller wins face-off versus Blake Coleman in Sabres zone.
8:33 of 1st period - Kyle Connor is hit by Philippe Myers and loses puck.
8:38 of 1st period - Shot by Kyle Connor.
8:38 of 1st period - Shot Misses the Net.
8:45 of 1st period - Icing by Jesper Fast.
8:46 of 1st period - Bo Horvat wins face-off versus Blake Coleman in Sabres zone.
8:46 of 1st period - Bo Horvat is hit by Philippe Myers.
9:17 of 1st period - Shot by Blake Coleman.
9:17 of 1st period - Stopped by Ilya Sorokin without a rebound.
9:18 of 1st period - J.T. Miller wins face-off versus Nicklas Backstrom in Predators zone.
10:02 of 1st period - Jonathan Drouin is hit by Brandon Carlo and loses puck.
10:20 of 1st period - Colton White is hit by Darnell Nurse and loses puck.
10:33 of 1st period - Shot by Zach Sanford.
10:33 of 1st period - Stopped by Ilya Sorokin without a rebound.
10:34 of 1st period - Blake Coleman wins face-off versus Bo Horvat in Predators zone.
10:34 of 1st period - Blake Coleman is hit by Jake McCabe.
10:45 of 1st period - Minor Penalty to Nikita Zadorov for Hooking.
10:46 of 1st period - Colton Sissons wins face-off versus Blake Coleman in Predators zone.
11:09 of 1st period - Shot by Juraj Slafkovsky.
11:09 of 1st period - Shot Misses the Net.
13:02 of 1st period - Shot by Tage Thompson.
13:02 of 1st period - Shot Misses the Net.
13:37 of 1st period - Icing by Mason Appleton.
13:38 of 1st period - Brett Howden wins face-off versus Gabriel Vilardi in Sabres zone.
13:38 of 1st period - Brett Howden is hit by J.T. Miller.
14:12 of 1st period - Roman Josi is hit by Brenden Dillon and loses puck.
14:30 of 1st period - Roman Josi is hit by Jonathan Drouin and loses puck.
14:57 of 1st period - Shot by Bo Horvat.
14:57 of 1st period - Stopped by Devon Levi without a rebound.
14:58 of 1st period - Tage Thompson wins face-off versus Jansen Harkins in Sabres zone.
14:59 of 1st period - Shot by Alex Tuch.
14:59 of 1st period - Stopped by Devon Levi without a rebound.
15:00 of 1st period - Jansen Harkins wins face-off versus Tage Thompson in Sabres zone.
15:00 of 1st period - Jansen Harkins is hit by Lucas Raymond.
15:07 of 1st period - Thomas Chabot is hit by Kaedan Korczak.
15:16 of 1st period - Alex Tuch is hit by Philippe Myers and loses puck.
15:21 of 1st period - Shot by Lucas Raymond.
15:21 of 1st period - Stopped by Devon Levi without a rebound.
15:22 of 1st period - Bo Horvat wins face-off versus Jesper Fast in Sabres zone.
15:22 of 1st period - Taylor Hall is hit by Arber Xhekaj and loses puck.
15:38 of 1st period - Shot by J.T. Compher.
15:38 of 1st period - Stopped by Devon Levi without a rebound.
15:39 of 1st period - Tage Thompson wins face-off versus Jansen Harkins in Sabres zone.
15:44 of 1st period - Shot by Tage Thompson.
15:44 of 1st period - Stopped by Devon Levi without a rebound.
15:45 of 1st period - Tage Thompson wins face-off versus Nicklas Backstrom in Sabres zone.
15:49 of 1st period - Icing by Nicklas Backstrom.
15:50 of 1st period - Nicklas Backstrom wins face-off versus Tage Thompson in Sabres zone.
15:57 of 1st period - Shot by Mason McTavish.
15:57 of 1st period - Shot Misses the Net.
16:11 of 1st period - Shot by Mason McTavish.
16:11 of 1st period - Stopped by Ilya Sorokin without a rebound.
16:12 of 1st period - Bo Horvat wins face-off versus Jansen Harkins in Predators zone.
16:53 of 1st period - Shot by Taylor Hall.
16:53 of 1st period - Stopped by Devon Levi without a rebound.
16:54 of 1st period - Tage Thompson wins face-off versus Blake Coleman in Sabres zone.
17:11 of 1st period - Shot by Roman Josi.
17:11 of 1st period - Shot Misses the Net.
17:17 of 1st period - Shot by Lucas Raymond.
17:17 of 1st period - Stopped by Devon Levi without a rebound.
17:18 of 1st period - Nicklas Backstrom wins face-off versus J.T. Miller in Sabres zone.
17:24 of 1st period - Nicklas Backstrom is hit by Nikita Zadorov and loses puck.
17:27 of 1st period - Shot by Nicklas Backstrom.
17:27 of 1st period - Stopped by Ilya Sorokin without a rebound.
17:28 of 1st period - Jansen Harkins wins face-off versus Tage Thompson in Predators zone.
18:02 of 1st period - Icing by Arber Xhekaj.
18:03 of 1st period - Jansen Harkins wins face-off versus Gabriel Vilardi in Sabres zone.
18:37 of 1st period - Shot by Kyle Connor.
18:37 of 1st period - Shot Misses the Net.
19:08 of 1st period - Shot by Jake Neighbours.
19:08 of 1st period - Stopped by Ilya Sorokin without a rebound.
19:09 of 1st period - Bo Horvat wins face-off versus Nicklas Backstrom in Predators zone.
19:36 of 1st period - Shot by Nicklas Backstrom.
19:36 of 1st period - Shot Misses the Net.
19:51 of 1st period - Minor Penalty to Darnell Nurse for Holding.
19:52 of 1st period - Colton Sissons wins face-off versus Blake Coleman in Predators zone.
Goals for this period are 0 for Sabres vs 0 for Predators.
Shots for this period are 9 for Sabres vs 11 for Predators.

2nd period


0:01 of 2nd period - Colton Sissons wins face-off versus Nicklas Backstrom in neutral zone.
1:15 of 2nd period - Shot by Kaedan Korczak.
1:15 of 2nd period - Stopped by Ilya Sorokin with a rebound.
1:24 of 2nd period - Icing by Kaedan Korczak.
1:25 of 2nd period - Blake Coleman wins face-off versus Colton Sissons in Sabres zone.
1:36 of 2nd period - Shot by Kaedan Korczak.
1:36 of 2nd period - Stopped by Ilya Sorokin without a rebound.
1:37 of 2nd period - Nicklas Backstrom wins face-off versus J.T. Miller in Predators zone.
1:57 of 2nd period - Victor Soderstrom is hit by Thomas Chabot and loses puck.
2:07 of 2nd period - Icing by Darnell Nurse.
2:08 of 2nd period - Tage Thompson wins face-off versus Jansen Harkins in Predators zone.
2:28 of 2nd period - Shot by Lucas Raymond.
2:28 of 2nd period - Deflect By Tage Thompson.
2:28 of 2nd period - Shot Misses the Net.
2:30 of 2nd period - Shot by Thomas Chabot.
2:30 of 2nd period - Stopped by Devon Levi without a rebound.
2:31 of 2nd period - Colton Sissons wins face-off versus Jesper Fast in Sabres zone.
2:31 of 2nd period - Roman Josi is hit by Philippe Myers and loses puck.
2:35 of 2nd period - Icing by Philippe Myers.
2:36 of 2nd period - Kyle Connor wins face-off versus Blake Coleman in Sabres zone.
2:43 of 2nd period - Shot by Kyle Connor.
2:43 of 2nd period - Deflect By J.T. Miller.
2:43 of 2nd period - Shot Misses the Net.
2:48 of 2nd period - Jake Neighbours is hit by Gabriel Vilardi and loses puck.
3:01 of 2nd period - Shot by Blake Coleman.
3:01 of 2nd period - Stopped by Ilya Sorokin without a rebound.
3:02 of 2nd period - Nicklas Backstrom wins face-off versus Bo Horvat in Predators zone.
4:00 of 2nd period - Jake Neighbours is hit by Bo Horvat.
4:08 of 2nd period - Shot by Blake Coleman.
4:08 of 2nd period - Shot Blocked by Jake McCabe.
4:10 of 2nd period - Shot by Victor Soderstrom.
4:10 of 2nd period - Stopped by Ilya Sorokin without a rebound.
4:11 of 2nd period - Jansen Harkins wins face-off versus Tage Thompson in Predators zone.
4:31 of 2nd period - Tage Thompson is hit by Kaedan Korczak and loses puck.
5:26 of 2nd period - Shot by J.T. Miller.
5:26 of 2nd period - Stopped by Devon Levi without a rebound.
5:27 of 2nd period - Nicklas Backstrom wins face-off versus Colton Sissons in Sabres zone.
5:27 of 2nd period - Nicklas Backstrom is hit by Jack McBain.
5:39 of 2nd period - Cal Clutterbuck is hit by Jonathan Drouin and loses puck.
6:04 of 2nd period - Shot by Mason McTavish.
6:04 of 2nd period - Shot Blocked by Darnell Nurse.
6:37 of 2nd period - Jake McCabe is hit by Blake Coleman and loses puck.
6:41 of 2nd period - Jake McCabe is hit by Colton White.
6:57 of 2nd period - Kyle Connor is hit by Victor Soderstrom and loses puck.
7:04 of 2nd period - Shot by Gabriel Vilardi.
7:04 of 2nd period - Shot Misses the Net.
7:18 of 2nd period - Shot by Tage Thompson.
7:18 of 2nd period - Stopped by Devon Levi without a rebound.
7:19 of 2nd period - Tage Thompson wins face-off versus Jansen Harkins in Sabres zone.
7:20 of 2nd period - Shot by Roman Josi.
7:20 of 2nd period - Shot Misses the Net.
7:22 of 2nd period - Shot by Brandon Carlo.
7:22 of 2nd period - Stopped by Devon Levi without a rebound.
7:23 of 2nd period - Jansen Harkins wins face-off versus Tage Thompson in Sabres zone.
7:23 of 2nd period - Jansen Harkins is hit by Brandon Carlo.
7:32 of 2nd period - Icing by Brandon Carlo.
7:33 of 2nd period - Tage Thompson wins face-off versus Nicklas Backstrom in Predators zone.
7:40 of 2nd period - Shot by Alex Tuch.
7:40 of 2nd period - Goal by Alex Tuch - Sabres : 0 - Predators : 1.
7:41 of 2nd period - Taylor Hall wins face-off versus Nicklas Backstrom in neutral zone.
7:47 of 2nd period - Off-side.
7:48 of 2nd period - Bo Horvat wins face-off versus Jansen Harkins in neutral zone.
7:59 of 2nd period - Shot by Bo Horvat.
7:59 of 2nd period - Shot Misses the Net.
8:03 of 2nd period - Shot by Taylor Hall.
8:03 of 2nd period - Stopped by Devon Levi with a rebound.
8:05 of 2nd period - Shot by Bo Horvat.
8:05 of 2nd period - Shot Misses the Net.
8:07 of 2nd period - Shot by J.T. Compher.
8:07 of 2nd period - Shot Misses the Net.
8:09 of 2nd period - Shot by J.T. Compher.
8:09 of 2nd period - Stopped by Devon Levi without a rebound.
8:10 of 2nd period - Tage Thompson wins face-off versus Nicklas Backstrom in Sabres zone.
8:16 of 2nd period - Icing by Kaedan Korczak.
8:17 of 2nd period - Gabriel Vilardi wins face-off versus Nicklas Backstrom in Sabres zone.
8:27 of 2nd period - Icing by Nicklas Backstrom.
8:28 of 2nd period - Nicklas Backstrom wins face-off versus Tage Thompson in Sabres zone.
8:32 of 2nd period - Mason McTavish is hit by Lucas Raymond and loses puck.
8:42 of 2nd period - Philippe Myers is hit by Lucas Raymond.
8:57 of 2nd period - Shot by Jonathan Drouin.
8:57 of 2nd period - Stopped by Ilya Sorokin with a rebound.
9:33 of 2nd period - Icing by Arber Xhekaj.
9:34 of 2nd period - Bo Horvat wins face-off versus Zach Sanford in Sabres zone.
9:34 of 2nd period - Darnell Nurse is hit by Brenden Dillon and loses puck.
9:37 of 2nd period - Shot by J.T. Compher.
9:37 of 2nd period - Stopped by Devon Levi without a rebound.
9:38 of 2nd period - Blake Coleman wins face-off versus J.T. Miller in Sabres zone.
9:44 of 2nd period - Off-side.
9:45 of 2nd period - Bo Horvat wins face-off versus Blake Coleman in neutral zone.
10:06 of 2nd period - Icing by Brenden Dillon.
10:07 of 2nd period - Blake Coleman wins face-off versus J.T. Miller in Sabres zone.
10:18 of 2nd period - Shot by Jesper Fast.
10:18 of 2nd period - Stopped by Ilya Sorokin without a rebound.
10:19 of 2nd period - Jansen Harkins wins face-off versus Jack McBain in Predators zone.
10:54 of 2nd period - Shot by Zach Sanford.
10:54 of 2nd period - Deflect By Jansen Harkins.
10:54 of 2nd period - Stopped by Ilya Sorokin without a rebound.
10:55 of 2nd period - Blake Coleman wins face-off versus Gabriel Vilardi in Predators zone.
10:55 of 2nd period - Jesper Fast is hit by Brandon Carlo and loses puck.
11:23 of 2nd period - Shot by Blake Coleman.
11:23 of 2nd period - Shot Blocked by Brandon Carlo.
11:25 of 2nd period - Shot by Brenden Dillon.
11:25 of 2nd period - Shot Misses the Net.
11:36 of 2nd period - Minor Penalty to Brandon Carlo for Tripping.
11:37 of 2nd period - Nicklas Backstrom wins face-off versus Colton Sissons in Predators zone.
12:00 of 2nd period - Shot by Mason McTavish.
12:00 of 2nd period - Shot Blocked by Jake McCabe.
12:02 of 2nd period - Shot by Philippe Myers.
12:02 of 2nd period - Stopped by Ilya Sorokin with a rebound.
12:04 of 2nd period - Shot by Mason McTavish.
12:04 of 2nd period - Shot Misses the Net.
12:40 of 2nd period - Shot by Brenden Dillon.
12:40 of 2nd period - Shot Misses the Net.
12:42 of 2nd period - Shot by Blake Coleman.
12:42 of 2nd period - Shot Misses the Net.
12:44 of 2nd period - Shot by Brenden Dillon.
12:44 of 2nd period - Shot Misses the Net.
12:56 of 2nd period - Juraj Slafkovsky is hit by Darnell Nurse.
13:22 of 2nd period - Mason McTavish is hit by Darnell Nurse and loses puck.
13:40 of 2nd period - Icing by Jake McCabe.
13:41 of 2nd period - Tage Thompson wins face-off versus Brett Howden in Predators zone.
13:41 of 2nd period - Tage Thompson is hit by Corey Perry.
14:04 of 2nd period - Tage Thompson is hit by Colton White and loses puck.
14:17 of 2nd period - Shot by Corey Perry.
14:17 of 2nd period - Shot Misses the Net.
14:30 of 2nd period - Alex Tuch is hit by Victor Soderstrom.
14:31 of 2nd period - Minor Penalty to Victor Soderstrom for Holding.
14:32 of 2nd period - Bo Horvat wins face-off versus Jansen Harkins in Sabres zone.
14:45 of 2nd period - Shot by Roman Josi.
14:45 of 2nd period - Shot Misses the Net.
14:47 of 2nd period - Shot by Thomas Chabot.
14:47 of 2nd period - Shot Misses the Net.
14:49 of 2nd period - Shot by Roman Josi.
14:49 of 2nd period - Stopped by Devon Levi without a rebound.
14:50 of 2nd period - J.T. Miller wins face-off versus Jansen Harkins in Sabres zone.
14:51 of 2nd period - Shot by Taylor Hall.
14:51 of 2nd period - Shot Misses the Net.
15:53 of 2nd period - Shot by Roman Josi.
15:53 of 2nd period - Shot Misses the Net.
16:03 of 2nd period - Shot by Roman Josi.
16:03 of 2nd period - Goal by Roman Josi - Sabres : 0 - Predators : 2.
16:04 of 2nd period - Nicklas Backstrom wins face-off versus Colton Sissons in neutral zone.
16:04 of 2nd period - Philippe Myers is hit by Colton Sissons and loses puck.
16:13 of 2nd period - Shot by Jack McBain.
16:13 of 2nd period - Shot Misses the Net.
16:17 of 2nd period - Shot by Jack McBain.
16:17 of 2nd period - Goal by Jack McBain - Sabres : 0 - Predators : 3.
16:18 of 2nd period - Bo Horvat wins face-off versus Blake Coleman in neutral zone.
16:26 of 2nd period - Shot by Taylor Hall.
16:26 of 2nd period - Stopped by Devon Levi with a rebound.
16:28 of 2nd period - Shot by Darnell Nurse.
16:28 of 2nd period - The goal is going for a video replay.
16:28 of 2nd period - The goal is refused.
16:29 of 2nd period - Nicklas Backstrom wins face-off versus Kyle Connor in Sabres zone.
16:40 of 2nd period - Shot by Nicklas Backstrom.
16:40 of 2nd period - Shot Misses the Net.
16:44 of 2nd period - Shot by Nicklas Backstrom.
16:44 of 2nd period - Shot Misses the Net.
16:54 of 2nd period - Shot by Mason McTavish.
16:54 of 2nd period - Stopped by Ilya Sorokin without a rebound.
16:55 of 2nd period - Jansen Harkins wins face-off versus Taylor Hall in Predators zone.
17:05 of 2nd period - Off-side.
17:06 of 2nd period - Tage Thompson wins face-off versus Blake Coleman in neutral zone.
17:18 of 2nd period - Icing by Jesper Fast.
17:19 of 2nd period - Blake Coleman wins face-off versus J.T. Compher in Sabres zone.
17:28 of 2nd period - Shot by Bo Horvat.
17:28 of 2nd period - Deflect By J.T. Compher.
17:28 of 2nd period - Stopped by Devon Levi without a rebound.
17:29 of 2nd period - J.T. Miller wins face-off versus Jansen Harkins in Sabres zone.
18:18 of 2nd period - Icing by Darnell Nurse.
18:19 of 2nd period - J.T. Miller wins face-off versus Jonathan Drouin in Predators zone.
19:18 of 2nd period - Bo Horvat is hit by Philippe Myers and loses puck.
19:35 of 2nd period - Shot by Alex Tuch.
19:35 of 2nd period - Shot Misses the Net.
Goals for this period are 0 for Sabres vs 3 for Predators.
Shots for this period are 9 for Sabres vs 14 for Predators.

3rd period


0:01 of 3rd period - Jansen Harkins wins face-off versus Bo Horvat in neutral zone.
0:36 of 3rd period - Shot by Taylor Hall.
0:36 of 3rd period - Stopped by Devon Levi without a rebound.
0:37 of 3rd period - Blake Coleman wins face-off versus Tage Thompson in Sabres zone.
0:37 of 3rd period - Blake Coleman is hit by Lucas Raymond.
0:44 of 3rd period - Jesper Fast is hit by Brandon Carlo and loses puck.
3:08 of 3rd period - Shot by Bo Horvat.
3:08 of 3rd period - Stopped by Devon Levi with a rebound.
4:52 of 3rd period - Shot by Cal Clutterbuck.
4:52 of 3rd period - Stopped by Devon Levi without a rebound.
4:53 of 3rd period - J.T. Miller wins face-off versus Nicklas Backstrom in Sabres zone.
4:54 of 3rd period - Shot by Kyle Connor.
4:54 of 3rd period - Shot Misses the Net.
5:22 of 3rd period - Shot by Kyle Connor.
5:22 of 3rd period - Shot Misses the Net.
5:28 of 3rd period - Shot by Mason McTavish.
5:28 of 3rd period - Shot Misses the Net.
5:30 of 3rd period - Shot by Mason McTavish.
5:30 of 3rd period - Shot Misses the Net.
5:41 of 3rd period - Minor Penalty to Zach Sanford for Cross-checking.
5:42 of 3rd period - Brett Howden wins face-off versus Kyle Connor in Sabres zone.
5:53 of 3rd period - Shot by Roman Josi.
5:53 of 3rd period - Deflect By Bo Horvat.
5:53 of 3rd period - Goal by Bo Horvat - Sabres : 0 - Predators : 4.
5:54 of 3rd period - Jansen Harkins wins face-off versus Colton Sissons in neutral zone.
6:17 of 3rd period - Shot by Zach Sanford.
6:17 of 3rd period - Deflect By Jansen Harkins.
6:17 of 3rd period - Shot Misses the Net.
6:35 of 3rd period - Shot by Cal Clutterbuck.
6:35 of 3rd period - Stopped by Devon Levi without a rebound.
6:36 of 3rd period - Bo Horvat wins face-off versus Blake Coleman in Sabres zone.
6:49 of 3rd period - Shot by Bo Horvat.
6:49 of 3rd period - Shot Blocked by Victor Soderstrom.
7:08 of 3rd period - Shot by Victor Soderstrom.
7:08 of 3rd period - Stopped by Ilya Sorokin without a rebound.
7:09 of 3rd period - Nicklas Backstrom wins face-off versus Tage Thompson in Predators zone.
7:20 of 3rd period - Shot by Jonathan Drouin.
7:20 of 3rd period - Deflect By Mason McTavish.
7:20 of 3rd period - Shot Blocked by Jake McCabe.
7:35 of 3rd period - Jonathan Drouin is hit by Nikita Zadorov and loses puck.
7:44 of 3rd period - Shot by Lucas Raymond.
7:44 of 3rd period - Shot Misses the Net.
8:14 of 3rd period - Brenden Dillon is hit by J.T. Miller and loses puck.
8:32 of 3rd period - Darnell Nurse is hit by Brenden Dillon and loses puck.
9:09 of 3rd period - Shot by Jake Neighbours.
9:09 of 3rd period - Deflect By Jesper Fast.
9:09 of 3rd period - Shot Misses the Net.
9:11 of 3rd period - Shot by Jesper Fast.
9:11 of 3rd period - Stopped by Ilya Sorokin without a rebound.
9:12 of 3rd period - Bo Horvat wins face-off versus Brett Howden in Predators zone.
9:26 of 3rd period - Shot by Brett Howden.
9:26 of 3rd period - Shot Misses the Net.
9:50 of 3rd period - Shot by Bo Horvat.
9:50 of 3rd period - Stopped by Devon Levi with a rebound.
10:13 of 3rd period - Icing by Kaedan Korczak.
10:14 of 3rd period - Tage Thompson wins face-off versus Blake Coleman in Sabres zone.
10:29 of 3rd period - Shot by Alex Tuch.
10:29 of 3rd period - Stopped by Devon Levi without a rebound.
10:30 of 3rd period - Colton Sissons wins face-off versus Jansen Harkins in Sabres zone.
10:30 of 3rd period - Darnell Nurse is hit by Arber Xhekaj and loses puck.
11:05 of 3rd period - Shot by Arber Xhekaj.
11:05 of 3rd period - Stopped by Ilya Sorokin without a rebound.
11:06 of 3rd period - Tage Thompson wins face-off versus Blake Coleman in Predators zone.
11:20 of 3rd period - Minor Penalty to Nikita Zadorov for Slashing.
11:21 of 3rd period - Colton Sissons wins face-off versus Nicklas Backstrom in Predators zone.
11:29 of 3rd period - Kaedan Korczak is hit by Jake McCabe and loses puck.
12:12 of 3rd period - J.T. Compher is hit by Jonathan Drouin and loses puck.
12:27 of 3rd period - Shot by Brenden Dillon.
12:27 of 3rd period - Stopped by Ilya Sorokin without a rebound.
12:28 of 3rd period - J.T. Miller wins face-off versus Blake Coleman in Predators zone.
12:34 of 3rd period - Icing by Brenden Dillon.
12:35 of 3rd period - Colton Sissons wins face-off versus Blake Coleman in Sabres zone.
12:49 of 3rd period - Jake Neighbours is hit by Darnell Nurse and loses puck.
12:52 of 3rd period - Shot by Juraj Slafkovsky.
12:52 of 3rd period - Stopped by Ilya Sorokin without a rebound.
12:53 of 3rd period - Blake Coleman wins face-off versus J.T. Miller in Predators zone.
12:56 of 3rd period - Shot by Juraj Slafkovsky.
12:56 of 3rd period - Stopped by Ilya Sorokin without a rebound.
12:57 of 3rd period - Nicklas Backstrom wins face-off versus Colton Sissons in Predators zone.
13:00 of 3rd period - Shot by Arber Xhekaj.
13:00 of 3rd period - Shot Blocked by Darnell Nurse.
13:02 of 3rd period - Shot by Mason McTavish.
13:02 of 3rd period - Shot Misses the Net.
13:04 of 3rd period - Shot by Arber Xhekaj.
13:04 of 3rd period - Stopped by Ilya Sorokin without a rebound.
13:05 of 3rd period - Colton Sissons wins face-off versus Nicklas Backstrom in Predators zone.
13:46 of 3rd period - Shot by Kyle Connor.
13:46 of 3rd period - Stopped by Devon Levi without a rebound.
13:47 of 3rd period - Tage Thompson wins face-off versus Jansen Harkins in Sabres zone.
14:03 of 3rd period - Icing by Brenden Dillon.
14:04 of 3rd period - Bo Horvat wins face-off versus Jansen Harkins in Sabres zone.
14:21 of 3rd period - Shot by Zach Sanford.
14:21 of 3rd period - Shot Blocked by Bo Horvat.
14:23 of 3rd period - Shot by Arber Xhekaj.
14:23 of 3rd period - Stopped by Ilya Sorokin without a rebound.
14:24 of 3rd period - Nicklas Backstrom wins face-off versus Tage Thompson in Predators zone.
15:03 of 3rd period - Shot by Nicklas Backstrom.
15:03 of 3rd period - Shot Blocked by Thomas Chabot.
16:19 of 3rd period - Roman Josi is hit by Blake Coleman and loses puck.
16:47 of 3rd period - J.T. Miller is hit by Juraj Slafkovsky and loses puck.
17:06 of 3rd period - Shot by J.T. Miller.
17:06 of 3rd period - Shot Misses the Net.
17:10 of 3rd period - Shot by J.T. Miller.
17:10 of 3rd period - Stopped by Devon Levi without a rebound.
17:11 of 3rd period - Nicklas Backstrom wins face-off versus Colton Sissons in Sabres zone.
17:21 of 3rd period - Icing by Kaedan Korczak.
17:22 of 3rd period - Colton Sissons wins face-off versus Nicklas Backstrom in Sabres zone.
19:25 of 3rd period - Shot by Tage Thompson.
19:25 of 3rd period - Shot Misses the Net.
Goals for this period are 0 for Sabres vs 1 for Predators.
Shots for this period are 8 for Sabres vs 9 for Predators.